 Dungeon Crawl Stone Soup version 0.19.5 (webtiles) character file.

47 devil0150 the Magician (level 3, -1/21 HPs)
             Began as a High Elf Wizard on Apr 15, 2017.
             Slain by a leopard gecko (4 damage)
             ... on level 2 of the Dungeon.
             The game lasted 00:10:31 (1660 turns).

devil0150 the Magician (High Elf Wizard)            Turns: 1660, Time: 00:10:32

Health: -1/21      AC:  2    Str:  4 (6)  XL:     3   Next: 48%
Magic:  1/9        EV: 12    Int: 20 (22) God:
Gold:   45         SH:  0    Dex: 11 (14) Spells: 3 memorised, 5 levels left

rFire  . . .     SeeInvis .     l - +1 dagger (speed)
rCold  . . .     Gourm    .     a - +0 robe
rNeg   . . .     Faith    .     (no shield)
rPois  .         Spirit   .     b - +0 hat
rElec  .         Reflect  .     (no cloak)
rCorr  .         Harm     .     (no gloves)
MR     .....                    (no boots)
Stlth  ++........               (no amulet)
                                (no ring)
                                (no ring)

@: lethally poisoned (-1 -> -9)
A: no striking features
a: no special abilities


You were on level 2 of the Dungeon.
You were not hungry.

You visited 1 branch of the dungeon, and saw 2 of its levels.

You collected 45 gold pieces.

Inventory:

Hand Weapons
 l - a +1 dagger of speed (weapon)
Armour
 a - a +0 robe (worn)
 b - a +0 hat (worn)
 j - quicksilver dragon scales
Jewellery
 h - a cursed amulet of inaccuracy {unknown}
Potions
 f - a potion of ambrosia {unknown}
 g - a potion of brilliance {unknown}
 i - a potion of cure mutation {unknown}
 m - a potion of magic {unknown}
Books
 c - a book of Minor Magic

   Spells                             Type                      Level
   a - Magic Dart                     Conjuration                  1
   b - Blink                          Translocation                2
   c - Call Imp                       Summoning                    2
   d - Repel Missiles                 Charms/Air                   2
   e - Slow                           Hexes                        2
   f - Conjure Flame                  Conjuration/Fire             3
   g - Mephitic Cloud                 Conjuration/Poison/Air       3
Comestibles
 d - a bread ration
 k - 4 chunks of flesh
 n - a beef jerky


   Skills:
 + Level 0.2 Fighting
 + Level 2.6 Dodging
 + Level 2.4 Stealth
 + Level 0.2 Unarmed Combat
 + Level 4.4 Spellcasting
 + Level 1.9 Conjurations
 + Level 0.8 Summonings
 + Level 1.1 Translocations


You had 5 spell levels left.
You knew the following spells:

 Your Spells              Type           Power        Failure   Level  Hunger
a - Magic Dart            Conj           ##..         6%          1    None
b - Blink                 Tloc           N/A          14%         2    #......
c - Call Imp              Summ           #.......     17%         2    #......


Dungeon Overview and Level Annotations

Branches:
Dungeon (2/15)

Altars:


Message History

The adder poisons you!
You hit the adder but do no damage.
The adder is almost dead.
The leopard gecko barely misses you. The adder bites you.
* * * LOW HITPOINT WARNING * * *
You barely miss the adder.
The adder is almost dead.
* * * LOW HITPOINT WARNING * * *
You feel sick. The leopard gecko barely misses you.
You hit the adder.
You kill the adder!
The leopard gecko completely misses you.
* * * LOW HITPOINT WARNING * * *
You feel sick. The leopard gecko misses you.
You see here an adder corpse.
It was a potion of degeneration.
There was something very wrong with that liquid.
You feel weakened.
You feel dopey.
You feel clumsy. The leopard gecko bites you.
You die...

#........# .........#
#........# #........##
#.)....>.. #........
#.......## #...)@l#
#...##.##
########..##..# #
#.............#
....####.####...8....#
#.............8.8..##
#.#####.##...8._.8.#
#.##.#..8.8..#
#.)......8...#


You could see a leopard gecko.

Vanquished Creatures
  An adder (D:2)
  A dart slug (D:1)
  2 leopard geckos (D:1)
  7 bats
  A giant cockroach (D:1)
  2 goblins
  2 hobgoblins
  3 jackals (D:1)
  2 quokkas
  A frilled lizard (D:1)
  4 kobolds
  5 rats (D:1)
31 creatures vanquished.

Notes
Turn   | Place    | Note
-------+----------+-------------------------------------------
     0 | D:1      | devil0150 the High Elf Wizard began the quest for the Orb.
     0 | D:1      | Reached XP level 1. HP: 11/11 MP: 6/6
   409 | D:1      | Reached XP level 2. HP: 6/17 MP: 1/7
   668 | D:1      | Reached skill level 4 in Spellcasting
  1386 | D:1      | Learned a level 2 spell: Blink
  1389 | D:1      | Learned a level 2 spell: Call Imp
  1398 | D:1      | Reached XP level 3. HP: 21/21 MP: 6/9
  1619 | D:2      | Found a faded altar of an unknown god.
  1660 | D:2      | Slain by a leopard gecko

Skill      XL: |  1  2 |
---------------+-------+-----
Spellcasting   | 4 |  4.4
Fighting       | |  0.2
Dodging        | |  2.6
Stealth        | |  2.4
Unarmed Combat | |  0.2
Conjurations   | |  1.9
Summonings     | |  0.8
Translocations | |  1.1

Action                   || total
-------------------------++-------
Melee: Unarmed           ||    29
       Dagger            ||    31
 Cast: Magic Dart        ||    78
  Use: Scroll            ||     1
       Potion            ||     1
  Eat: Chunk             ||     2
Armor: Robe              ||    19
Dodge: Dodged            ||    60
